 Dungeon Crawl Stone Soup version 0.26-a0-1147-g3780a7a11b (webtiles) character file.

Game seed: 13767914928901255696

1152 sokol815 the Digger (level 8, -7/46 HPs)
             Began as an Octopode Earth Elementalist on Dec 22, 2020.
             Killed from afar by a steam dragon (28 damage)
             ... with a ball of steam
             ... on level 6 of the Dungeon.
             The game lasted 00:16:12 (6554 turns).

sokol815 the Digger (Octopode Earth Elementalist)   Turns: 6554, Time: 00:16:13

Health: -7/46      AC:  1    Str: 14    XL:     8   Next: 38%
Magic:  3/11       EV: 13    Int: 19    God:
Gold:   181        SH:  0    Dex: 12    Spells: 7/11 levels left

rFire    . . .     SeeInvis .   a - +3 whip (elec)
rCold    . . .     Faith    .   (no shield)
rNeg     . . .     Spirit   .   (helmet restricted)
rPois    .         Reflect  .   (no amulet)
rElec    .         Harm     .   w - +6 ring of strength
rCorr    .         Rampage  .   H - ring of wizardry {Wiz+, !d}
Will     .....                  (no ring)
Stlth    ++++......             (no ring)
HPRegen  0.15/turn              (no ring)
MPRegen  0.12/turn              (no ring)
                                (no ring)
                                (no ring)

@: no status effects
A: almost no armour, stealthy swim, amphibious, 8 rings, constrict 8, camouflage
1, gelatinous body 1
a: no special abilities


You were on level 6 of the Dungeon.
You visited 1 branch of the dungeon, and saw 6 of its levels.

You collected 181 gold pieces.

Inventory:

Hand Weapons
 a - a +3 whip of electrocution (weapon)
   (You took it off a kobold on level 1 of the Dungeon)
 b - a +2 dagger of draining
   (You found it on level 1 of the Dungeon)
 c - a +2 spear of venom
   (You took it off a gnoll on level 4 of the Dungeon)
 C - a +0 falchion
   (You took it off an orc priest on level 3 of the Dungeon)
Missiles
 g - 98 bolts
 q - 133 stones
 s - 77 sling bullets
 u - 7 poisoned darts
 B - 4 throwing nets {=f, !d}
Jewellery
 w - a +6 ring of strength (left tentacle)
   (You found it on level 1 of the Dungeon)
 H - a ring of wizardry (right tentacle) {Wiz+, !d}
   (You found it on level 6 of the Dungeon)
Wands
 E - a wand of iceblast (7)
   (You found it on level 5 of the Dungeon)
Scrolls
 d - 5 scrolls of remove curse
 h - 2 scrolls of fog {unknown}
 j - 3 scrolls of teleportation
 k - a scroll of identify
 m - a scroll of vulnerability {unknown}
 n - 2 scrolls of blinking {unknown}
 p - a scroll of enchant armour {unknown}
 y - a scroll of noise {unknown}
 D - a scroll of amnesia {unknown}
 G - 3 scrolls of fear {unknown}
Potions
 e - 2 potions of lignification {!q}
 f - a potion of attraction {unknown}
 i - 2 potions of resistance
 l - a potion of haste {unknown}
 o - a potion of cancellation {unknown}
 r - 2 potions of might
 t - 4 potions of curing
 v - a potion of heal wounds
 x - a potion of degeneration {unknown}
 z - 2 potions of ambrosia
 A - a potion of brilliance {unknown}
 F - a potion of flight {unknown}


   Skills:
 - Level 2.0 Dodging
 - Level 5.0 Stealth
 - Level 2.0 Spellcasting
 - Level 6.3 Conjurations
 * Level 2.7 Transmutations
 + Level 6.6 Earth Magic


You had 7 spell levels left.
You knew the following spells:

 Your Spells              Type           Power        Failure   Level
a - Sandblast             Erth           54%          1%          1
x - Stone Arrow           Conj/Erth      52%          1%          3

Your spell library contained the following spells:

 Spells                   Type           Power        Failure   Level
 Passwall                 Tmut/Erth      15%          1%          2
 Petrify                  Tmut/Erth      19%          10%         4
 Lee's Rapid Deconstruct  Erth           13%          12%         5


Dungeon Overview and Level Annotations

Branches:
Dungeon (6/15)
 Temple: D:4-7

Altars:
Vehumet

Shops:
D:4 *

Annotations:
D:2 Jessica
D:5 3 runed translucent doors, exclusion: 2 ice beasts, Eryximachus's ghost, novice OpFE; WaxSun's ghost, novice DEIE; lmSkywalker's ghost, amateur MfTm; xraymikek's ghost, novice DrFE


Innate Abilities, Weirdness & Mutations

You cannot wear most types of armour.
You are very stealthy in the water. (Stealth+)
You are amphibious.
You can wear up to eight rings at the same time.
You can use your tentacles to constrict eight enemies at once.
Your skin changes colour to match your surroundings (Stealth+).
Your rubbery body absorbs attacks. (AC +1, EV +1)


Message History

A ball python comes into view.
There is a stone staircase leading up, spattered with blood here.
The blast of sand hits the ball python!!
You kill the ball python!
You now have 9/11 mp.
You start resting.
MP restored: 11
Things that are here:
17 arrows; a +0 shortbow; a centaur skeleton You see here a ring mail.
H - a gilded ring
H - a ring of wizardry (right tentacle)
Okay, then.
Okay, then.
s - 77 sling bullets (gained 28)
A bullfrog skeleton comes into view.
The stone arrow hits the bullfrog skeleton!
You now have 8/11 mp.
You miscast Stone Arrow.
You are very lightly contaminated with residual magic.
Nothing appears to happen.
You now have 5/11 mp.
The bullfrog skeleton barely misses you.
The bullfrog skeleton hits you!
You see here a scroll of teleportation.
You take 7 damage, and have 39/46 hp.
You hit the bullfrog skeleton. You grab the bullfrog skeleton.
You constrict the bullfrog skeleton. The bullfrog skeleton hits you.
You take 6 damage, and have 33/46 hp.
You whack the bullfrog skeleton!
Lightning courses through the bullfrog skeleton!
You destroy the bullfrog skeleton!
Your magical contamination has completely faded away.
j - 3 scrolls of teleportation (gained 1)
You start resting.
Health restored: 46; MP restored: 11
Found a radiant altar of Vehumet.
You see here a hand axe.
An ogre comes into view. It is wielding a +0 giant club.
The ogre shouts!
The stone arrow hits the ogre!
You now have 8/11 mp.
The stone arrow hits the ogre!
You now have 5/11 mp.
The ogre completely misses you.
You whack the ogre! Lightning courses through the ogre!!
You kill the ogre!
Your Transmutations skill increases to level 2!
You see here a +0 giant club.
You open the door.
An ogre comes into view. It is wielding a +0 giant spiked club.
MP restored: 11
There is an open door here.
The stone arrow hits the ogre!
The ogre shouts!
You now have 8/11 mp.
The stone arrow hits the ogre!
You now have 5/11 mp.
Aim: an ogre, wielding a +0 giant spiked club (severely wounded, 14% to evade)
The stone arrow hits the ogre!
You kill the ogre!
You now have 2/11 mp.
You start resting.
MP restored: 11
Things that are here:
a +0 giant spiked club; an ogre corpse
h - 2 scrolls labelled XURYTE JUHOSO (gained 1)
You see here a ring mail.
A steam dragon comes into view.
The steam dragon hisses angrily.
The steam dragon moves out of view.
A steam dragon is nearby!
Aim: a steam dragon (29% to evade)
The stone arrow misses the steam dragon.
You now have 8/11 mp.
Aim: a steam dragon (29% to evade)
The stone arrow hits the steam dragon!
You now have 5/11 mp.
Aim: a steam dragon (heavily wounded, 29% to evade)
The stone arrow hits the steam dragon!
The steam dragon breathes steam at you. The ball of steam hits you!
You take 16 damage, and have 30/46 hp.
MASSIVE DAMAGE!!
You now have 2/11 mp.
The steam dragon bites you but does no damage.
The steam dragon claws you.
You take 1 damage, and have 29/46 hp.
You closely miss the steam dragon. The steam dragon bites you!
The steam dragon barely misses you.
You take 8 damage, and have 21/46 hp.
You closely miss the steam dragon. Your squeeze misses the steam dragon.
The steam dragon closely misses you. The steam dragon misses you.
You hit the steam dragon but do no damage.
The steam dragon misses you. The steam dragon barely misses you.
You hit the steam dragon. The steam dragon breathes steam at you.
The ball of steam hits you!!
Ouch! That really hurt!
You die...

####################.#
####### #...# #..#
#####.....###...#######.####
........).'........)........
.####.....################.#
#.....#### #.# #.....[§.#
#.# #.....##.## #..
#.....#@..# #.. ########D##
#.. ...# #.. ....# #..
≈.8..# ##. ≈≈...# ..D≈≈#†
##≈≈≈.. ..8. #. ##≈≈≈ ... ##
... #


You could see a steam dragon (catching breath).

Vanquished Creatures
  A sky beast (D:5)
  3 ogres
  2 phantoms
  A centaur (D:6)
  A bullfrog (D:6)
  A gnoll shaman (D:1)
  2 hounds (D:5)
  A centaur skeleton (D:5)
  An orc priest (D:3)
  A bullfrog skeleton (D:6)
  2 worker ants
  2 iguanas
  12 gnolls
  2 adders (D:2)
  An ufetubus (D:6)
  An adder zombie (D:5)
  2 worms
  2 dart slugs (D:1)
  A leopard gecko (D:4)
  4 orcs
  A ball python (D:6)
  5 bats
  5 giant cockroaches
  6 goblins
  11 hobgoblins
  2 jackals (D:2)
  4 quokkas
  9 frilled lizards
  A giant cockroach zombie (D:5)
  8 kobolds
  A leopard gecko zombie (D:4)
  7 rats
103 creatures vanquished.

Vanquished Creatures (others)
  2 withered plants (D:5)
2 creatures vanquished.

Grand Total: 105 creatures vanquished

Notes
Turn   | Place    | Note
-------+----------+-------------------------------------------
     0 | D:1      | sokol815 the Octopode Earth Elementalist began the quest
                  | for the Orb.
     0 | D:1      | Reached XP level 1. HP: 11/11 MP: 3/3
    18 | D:1      | Reached skill level 3 in Stealth
   206 | D:1      | Reached XP level 2. HP: 17/17 MP: 3/5
   368 | D:1      | Reached skill level 4 in Stealth
   502 | D:1      | Reached XP level 3. HP: 21/21 MP: 6/6
  1130 | D:2      | Reached skill level 5 in Stealth
  1367 | D:2      | Reached XP level 4. HP: 27/27 MP: 7/7
  1479 | D:2      | Reached skill level 4 in Earth Magic
  1607 | D:1      | Reached XP level 5. HP: 30/31 MP: 8/8
  1783 | D:1      | HP: 7/31 [gnoll/+0 flail (16)]
  1795 | D:2      | Reached skill level 5 in Earth Magic
  1800 | D:2      | Learned a level 3 spell: Stone Arrow
  1859 | D:2      | Noticed Jessica
  2214 | D:3      | Reached skill level 1 in Conjurations
  2680 | D:3      | Reached skill level 2 in Conjurations
  3200 | D:4      | Found Esaraj's General Store.
  3810 | D:4      | Reached XP level 6. HP: 36/36 MP: 6/9
  3915 | D:5      | Entered Level 5 of the Dungeon
  3929 | D:5      | Noticed an ice beast
  3942 | D:5      | Found a runed translucent gate.
  3943 | D:5      | Found a runed translucent gate.
  3944 | D:5      | Found a runed translucent gate.
  3945 | D:5      | Noticed xraymikek's ghost (novice DrFE)
  3945 | D:5      | Noticed Eryximachus's ghost (novice OpFE)
  3945 | D:5      | Noticed lmSkywalker's ghost (amateur MfTm)
  3963 | D:5      | Noticed an ice beast
  3992 | D:5      | Reached skill level 3 in Conjurations
  4208 | D:5      | Noticed WaxSun's ghost (novice DEIE)
  4713 | D:5      | Noticed a sky beast
  4793 | D:4      | Reached skill level 4 in Conjurations
  5111 | D:5      | Noticed a phantom
  5117 | D:5      | Killed a phantom
  5118 | D:5      | Reached XP level 7. HP: 34/41 MP: 8/10
  5284 | D:5      | Reached skill level 5 in Conjurations
  5630 | D:6      | HP: 6/41 [phantom (8)]
  5907 | D:6      | Reached skill level 6 in Conjurations
  5907 | D:6      | Reached skill level 6 in Earth Magic
  5999 | D:6      | Noticed a steam dragon
  6016 | D:6      | Reached XP level 8. HP: 15/46 MP: 1/11
  6382 | D:6      | Found a radiant altar of Vehumet.
  6405 | D:6      | Reached skill level 2 in Transmutations
  6554 | D:6      | Killed from afar by a steam dragon

Illustrated notes

Levels and vault maps discovered:
D:1:      wander_arrival_chamber, layout_loops_ring
D:2:      layout_rooms, minmay_pentomino_w2, uniq_jessica
D:3:      layout_basic
D:4:      layout_basic, serial_shops, nicolae_shop_behind_doors, hex_large
D:5:      layout_cave_pods, gammafunk_ghost_cemetery, minmay_fountain_box,
          hex_medium
D:6:      cheibrodos_steamvent, layout_basic, lemuel_coloured_pillars_altar,
          minmay_temple_entry_from_below_a

Skill      XL: |  1  2  3  4  5  6  7  8 |
---------------+-------------------------+-----
Stealth        | 3 4 5 |  5.0
Earth Magic    | 4 5 6 |  6.6
Conjurations   | 2 4 6 |  6.3
Transmutations | 2 |  2.7
Dodging        | |  2.0
Spellcasting   | |  2.0

Action                   |  1- 3 |  4- 6 |  7- 9 || total
-------------------------+-------+-------+-------++-------
Melee: Unarmed           |     5 |       |       ||     5
       Constrict         |    14 |    18 |     2 ||    34
       Whip              |    54 |    77 |    36 ||   167
       Tentacles         |     7 |    12 |     4 ||    23
Throw: Stone             |    91 |    48 |       ||   139
 Cast: Sandblast         |     6 |    15 |    20 ||    41
       Stone Arrow       |       |       |    14 ||    14
Evoke: Wand              |       |     2 |       ||     2
  Use: Potion            |       |     2 |       ||     2
       Scroll            |       |     8 |       ||     8
 Stab: Sleeping          |       |     3 |       ||     3
Armor: Skin              |     5 |     1 |     1 ||     7
Dodge: Dodged            |    44 |    49 |    19 ||   112

Table legend: (Time is in decaauts)
 A = Elapsed time spent in this place.
 B = Non-inter-level travel time spent in this place.
 C = Inter-level travel time spent in this place.
 D = Time resting spent in this place.
 E = Time spent auto-exploring this place.
 F = Levels seen in this place.
 G = Mean time per level.
                   A        B        C        D        E       F      G
               +--------+--------+--------+--------+--------+-----+--------+
         Total |   6590 |   6408 |    182 |   1923 |   3569 |   6 | 1098.3 |
       Dungeon |   6590 |   6408 |    182 |   1923 |   3569 |   6 | 1098.3 |
               +--------+--------+--------+--------+--------+-----+--------+

Top non-repeatable levels by time:
     D:5: 1644 daAuts
     D:4: 1532 daAuts
     D:1: 1198 daAuts
     D:2: 914 daAuts
     D:3: 829 daAuts
     D:6: 471 daAuts

Table legend:
 A = Kills in this place as a percentage of kills in entire the game.
 B = Kills by you in this place as a percentage of kills by you in the entire game.
 C = Kills by friends in this place as a percentage of kills by friends in the entire game.
 D = Other kills in this place as a percentage of other kills in the entire game.
 E = Experience gained in this place as a percentage of experience gained in the entire game.
 F = Experience gained in this place divided by the number of levels of this place that you have seen.
                   A       B       C       D       E      F
               +-------+-------+-------+-------+-------+----------------------
         Total | 100.0 | 100.0 |   N/A |   N/A | 100.0 | 274.3
       Dungeon | 100.0 | 100.0 |   N/A |   N/A | 100.0 | 274.3
               +-------+-------+-------+-------+-------+----------------------
